[Event "Early-Titled-Tuesday-Blitz-February-20-2024"]
[Site "Chess.com"]
[Date "2024.02.20"]
[Round "8"]
[White "AlexPapasimakopoulos"]
[Black "Zhigalko_Sergei"]
[Result "0-1"]
[WhiteElo "2762"]
[BlackElo "2932"]
[TimeControl "180+1"]
[EndTime "9:29:25 PST"]
[Termination "Zhigalko_Sergei won by checkmate"]

1. Nf3 d5 2. g3 c6 3. Bg2 Bg4 4.
O-O e6 5. d3 Bd6 6. b3 Ne7 7.
Bb2 O-O 8. Nbd2 a5 9. a3 Re8 10. h3 Bh5 11. e4 Nd7 12. Re1 Qb6 13. Qe2 Bxg3 14. Bd4 c5 15. Bxg7 Bf4 16. Bb2 Qc7 17. a4 d4 18. c3 dxc3 19. Bxc3 Ng6 20. Qf1 Rad8 21. Nc4 b6 22. Kh1 Bxf3 23. Bxf3 Nde5 24. Nxe5 Bxe5 25. Bxe5 Qxe5 26. Rad1 Nf4 27. Re3 Kh8 28. Be2 Rg8 29. Rf3 Rg6 30. Qe1 Rdg8 31. Qd2 Nxe2 32. Qxe2 Rg2 33. Rg3 Qxg3 34. fxg3 Rxe2 35. Rc1 Rxg3 36.
h4 Rxd3 37. Rxc5 Rd1# 0-1

[Event "Early-Titled-Tuesday-Blitz-February-20-2024"]
[Site "Chess.com"]
[Date "2024.02.20"]
[Round "8"]
[White "Kostukov_Alex"]
[Black "zurzan"]
[Result "1-0"]
[WhiteElo "2351"]
[BlackElo "2081"]
[TimeControl "180+1"]
[EndTime "9:29:26 PST"]
[Termination "Kostukov_Alex won by resignation"]

1. g3 g6 2. Bg2 Bg7 3. c4 Nf6 4. Nf3 d6 5. O-O O-O 6. d4 c5 7.
Nc3 a6 8. dxc5 dxc5 9. Be3 Qc7 10. Bf4 Qb6 11. Na4 Qb4 12. Qb3 Qxb3 13. axb3 Nbd7 14.
Ne5 Nxe5 15. Bxe5 Nd7 16. Bxg7 Kxg7 17. Rfd1 Rb8 18. Rac1 b5 19. cxb5 Rxb5 20. Bc6 Rxb3 21. Bxd7 Bxd7 22. Rxd7 Rc8 23. Rxe7 c4 24. Re3 Rb4 25. Ra3 Re8 26. e3 Rd8 27. Rc2 Rd1+ 28. Kg2 Rd3 29. Nc5 Rd6 30. Rxa6 Rd8 31. Ra4 Rb5 32.
Raxc4 Rdb8 33. b3 h5 34. h4 f6 35. Rd2 Kh6 36. Rd6 Rc8 37. b4 Kg7 38. Ne6+ 1-0

[Event "Early-Titled-Tuesday-Blitz-February-20-2024"]
[Site "Chess.com"]
[Date "2024.02.20"]
[Round "8"]
[White "Barmen_EV"]
[Black "NewYearGirl"]
[Result "1-0"]
[WhiteElo "2514"]
[BlackElo "2357"]
[TimeControl "180+1"]
[EndTime "9:29:27 PST"]
[Termination "Barmen_EV won by resignation"]

1. e4 c5 2. c3 d5 3. exd5 Nf6 4. d4 Nxd5 5. Nf3 cxd4 6. cxd4 Nc6 7. Nc3 Bg4 8. Be2 e6 9. O-O Be7 10. h3 Bh5 11. Be3 O-O 12. a3 Rc8 13. Qb3 Na5 14.
Qc2 Nc4 15. Bxc4 Bxf3 16. Bd3 Bd6 17. gxf3 Qh4 18. Kg2 f5 19. Qe2 Rf6 20. Rh1 Rg6+ 21. Kf1 f4 22. Nxd5 fxe3 23. Bxg6 exd5 24. Bf5 Rf8 25. Qxe3 Kh8 26. Qe6 Qf4 27. Bg4 Bc7 28.
Qe3 Qf7 29. Re1 h5 30. Qe6 Qf4 31. Qxd5 hxg4 32. hxg4+ 1-0

[Event "Early-Titled-Tuesday-Blitz-February-20-2024"]
[Site "Chess.com"]
[Date "2024.02.20"]
[Round "8"]
[White "Kildepiotr"]
[Black "Chessmissile07"]
[Result "1/2-1/2"]
[WhiteElo "2683"]
[BlackElo "2875"]
[TimeControl "180+1"]
[EndTime "9:29:28 PST"]
[Termination "Game drawn by repetition"]

1. Nf3 a6 2. g3 b5 3. Bg2 Bb7 4. O-O Nf6 5. d3 g6 6. c4 bxc4 7. dxc4 Bg7 8. Nc3 O-O 9. Qc2 c5 10. Rd1 Nc6 11. a3 Rb8 12. e3 d6 13.
b3 Nd7 14. Bb2 Nce5 15. Nxe5 Nxe5 16. Bxb7 Rxb7 17. Rab1 Qd7 18. f4 Ng4 19. Nd5 Bxb2 20. Qxb2 e6 21. Nf6+ Nxf6 22. Qxf6 Rfb8 23. b4 Qa4 24.
Rxd6 cxb4 25. axb4 Rxb4 26. Rxb4 Qxb4 27. Rd7 Qb1+ 28. Kg2 Qb2+ 29. Qxb2 Rxb2+ 30. Kf3 Rxh2 31. Ke4 Rc2 32. Kd3 Rc1 33. Ra7 Rg1 34. c5 Rc1 35.
Kd4 Rd1+ 36. Ke4 Rc1 37. Kd4 Rd1+ 38. Ke4 Rc1 39. Kd4 1/2-1/2

[Event "Early-Titled-Tuesday-Blitz-February-20-2024"]
[Site "Chess.com"]
[Date "2024.02.20"]
[Round "8"]
[White "Kirill_Klukin"]
[Black "vladgoncharov"]
[Result "1-0"]
[WhiteElo "2845"]
[BlackElo "2650"]
[TimeControl "180+1"]
[EndTime "9:29:29 PST"]
[Termination "Kirill_Klukin won on time"]

1. d4 Nf6 2. Nf3 e6 3. e3 d5 4. Bd3 c5 5. b3 Nc6 6. O-O cxd4 7.
exd4 Be7 8. Bb2 Qc7 9. a3 O-O 10. Nbd2 b6 11. Qe2 Bb7 12. Ne5 Nd7 13. f4 f5 14. Nxc6 Qxc6 15. Rae1 Rf6 16. Nf3 Bd6 17. Ne5 Bxe5 18. fxe5 Rf7 19. g4 g6 20. gxf5 gxf5 21.
Kh1 Kh8 22. Rg1 Rg8 23. Rxg8+ Kxg8 24. Rg1+ Kh8 25. Bc1 Qc8 26. Qh5 Qe8 27. Bg5 a6 28. Be2 b5 29. Qh4 Qf8 30. Bh6 Qe7 31. Qg3 Qe8 32.
Bh5 f4 33. Bxf4 Qf8 34. Bh6 1-0

[Event "Early-Titled-Tuesday-Blitz-February-20-2024"]
[Site "Chess.com"]
[Date "2024.02.20"]
[Round "8"]
[White "Rud_2008"]
[Black "VinzentSpitzl"]
[Result "1-0"]
[WhiteElo "2730"]
[BlackElo "2545"]
[TimeControl "180+1"]
[EndTime "9:29:30 PST"]
[Termination "Rud_2008 won by resignation"]

1. e4 c5 2. Nf3 d6 3. Bb5+ Bd7 4. c4 g6 5. O-O Bg7 6. Nc3 Nf6 7. Bxd7+ Qxd7 8.
d4 cxd4 9. Qxd4 Nc6 10. Qd3 O-O 11. Bg5 Rac8 12. Rac1 Qd8 13. b3 Qa5 14. Bd2 Qc5 15.
Be3 Qa5 16. Rfd1 Rfd8 17. h3 Nb4 18. Qd2 Nc6 19. Bh6 Ne5 20. Nd5 Nxf3+ 21. gxf3 Qxd2 22. Nxe7+ Kf8 23. Bxg7+ Kxg7 24. Rxd2 Rc5 25. Rcd1 Re8 26. Nd5 Nd7 27. Ne3 Ne5 28. Kg2 b5 29. cxb5 Rxb5 30.
Rxd6 Ra5 31. f4 Rxa2 32. fxe5 Rxe5 33. Kf3 Rh5 34. Kg3 Rg5+ 35. Kf3 Rh5 36. Rh1 Rb5 37.
Rd3 Rb2 38. Ra1 Rh5 39. Kg2 Rxh3 1-0

[Event "Early-Titled-Tuesday-Blitz-February-20-2024"]
[Site "Chess.com"]
[Date "2024.02.20"]
[Round "8"]
[White "Bkmzzzzz"]
[Black "WilsonPalencia21"]
[Result "1-0"]
[WhiteElo "2424"]
[BlackElo "2516"]
[TimeControl "180+1"]
[EndTime "9:29:30 PST"]
[Termination "Bkmzzzzz won by checkmate"]

1. e4 c5 2. Nf3 d6 3. d4 cxd4 4. Qxd4 Nc6 5. Bb5 Qa5+ 6. Nc3 Qxb5 7. Nxb5 Nxd4 8. Nfxd4 Kd8 9. c4 Bd7 10. Nc3 e6 11. Be3 a6 12. O-O Rc8 13. b3 b5 14.
cxb5 Rxc3 15. bxa6 e5 16. a7 Rc8 17. Rfc1 Ra8 18.
Nc6+ Bxc6 19. Rxc6 Be7 20. Rac1 Nf6 21. Rc8+ Kd7 22.
R1c7+ Ke6 23. Rxh8 Rxh8 24. b4 d5 25. Rb7 Nd7 26. exd5+ Kd6 27. Bc5+ Nxc5 28. bxc5+ Kxd5 29. Rb8 Bxc5 30. a8=Q+ Kd4 31. Rxh8 Kd3 32. Rd8+ Ke2 33. Qf3+ Ke1 34. Rd1# 1-0

[Event "Early-Titled-Tuesday-Blitz-February-20-2024"]
[Site "Chess.com"]
[Date "2024.02.20"]
[Round "8"]
[White "ninguno46"]
[Black "Saxar85"]
[Result "0-1"]
[WhiteElo "2545"]
[BlackElo "2729"]
[TimeControl "180+1"]
[EndTime "9:29:31 PST"]
[Termination "Saxar85 won by resignation"]

1. e4 e5 2. Nf3 Nc6 3. d4 exd4 4. Bc4 Bc5 5. c3 Nf6 6. cxd4 Bb4+ 7. Bd2 Nxe4 8.
Bxb4 Nxb4 9. Bxf7+ Kxf7 10. Qb3+ Kf8 11. Qxb4+ Qe7 12. Qxe7+ Kxe7 13. Nc3 Nf6 14. Kd2 d6 15. Rhe1+ Kf7 16. Ng5+ Kg6 17. Nf3 Bd7 18. Re7 Rhe8 19. Rae1 Rxe7 20. Rxe7 Re8 21. Rxe8 Bxe8 22. h3 Bc6 23.
Ne1 Kf5 24. g4+ Kg5 25. Ke3 Kh4 26. f3 Kxh3 27. Nd3 g5 28. Nb4 Kg2 29. d5 Bd7 30. Nd3 Be8 31. Nf2 Bg6 32. Nfd1 a6 33. b4 Bf7 34. Kd4 Kxf3 0-1

[Event "Early-Titled-Tuesday-Blitz-February-20-2024"]
[Site "Chess.com"]
[Date "2024.02.20"]
[Round "8"]
[White "Dixit_Nikhil"]
[Black "Carlitus2004"]
[Result "1-0"]
[WhiteElo "2603"]
[BlackElo "2391"]
[TimeControl "180+1"]
[EndTime "9:29:31 PST"]
[Termination "Dixit_Nikhil won by resignation"]

1. e4 Nc6 2. d4 d5 3. e5 Bf5 4.
c3 e6 5. Bd3 Nge7 6. Bxf5 Nxf5 7. Ne2 f6 8. Ng3 fxe5 9. Nxf5 exf5 10. dxe5 Nxe5 11. O-O Bd6 12. Qxd5 c6 13. Qe6+ Qe7 14. Qxf5 Rf8 15. Qh3 Kd8 16. Nd2 Kc7 17. Ne4 Rae8 18. Nxd6 Qxd6 19. Be3 Kb8 20. Rad1 Qg6 21. Qg3 Qxg3 22.
hxg3 Nc4 23. Bf4+ Kc8 24. b3 Ne5 25. Rfe1 Ng4 26. f3 Nf6 27. c4 Nd7 28. Kf2 Nf6 29. Rxe8+ Rxe8 30. g4 h6 31. Be3 a6 32. g5 hxg5 33.
Bxg5 Nd7 34. Re1 Rh8 35. Re7 Rh1 36. Rxg7 Ra1 37. g4 Rxa2+ 38. Kg3 Rb2 39. Bf4 Nf6 40. Be5 Ne8 41. Bxb2 1-0

[Event "Early-Titled-Tuesday-Blitz-February-20-2024"]
[Site "Chess.com"]
[Date "2024.02.20"]
[Round "8"]
[White "FREDERICKtheMATE"]
[Black "szachuspl"]
[Result "1-0"]
[WhiteElo "2686"]
[BlackElo "2512"]
[TimeControl "180+1"]
[EndTime "9:29:32 PST"]
[Termination "FREDERICKtheMATE won by resignation"]

1. Nf3 Nf6 2. d4 g6 3. c4 Bg7 4. Nc3 O-O 5. e4 d6 6. Be2 Nbd7 7. O-O e5 8. h3 Re8 9. d5 Nc5 10.
Nd2 a5 11. Rb1 c6 12. b3 cxd5 13. cxd5 Bd7 14. a3 b5 15. b4 axb4 16. axb4 Na4 17.
Qb3 Nxc3 18. Qxc3 Nh5 19. Bxh5 gxh5 20. Nb3 Rc8 21. Qg3 h4 22. Qd3 f5 23. exf5 e4 24. Qe2 Bxf5 25. Be3 Rc4 26. Na5 Rc3 27. Qxb5 Be5 28. Nc6 Qd7 29. Qe2 Bf6 30. Rfc1 Rxc1+ 31. Rxc1 Kh8 32. Kh2 Rg8 33. b5 Qg7 34. Rg1 Qf7 35.
Qd2 Qb7 36. Bd4 Kg7 37. Bxf6+ Kxf6 38. Qd4+ Kf7 39. Ra1 Ra8 40. Rxa8 Qxa8 41. Qa7+ Qxa7 42. Nxa7 Ke7 43. b6 Kd7 44. Nb5 e3 45. fxe3 Bd3 46. b7 1-0

[Event "Early-Titled-Tuesday-Blitz-February-20-2024"]
[Site "Chess.com"]
[Date "2024.02.20"]
[Round "8"]
[White "IngOscarArdila"]
[Black "MaestroCheck"]
[Result "0-1"]
[WhiteElo "2239"]
[BlackElo "2535"]
[TimeControl "180+1"]
[EndTime "9:29:32 PST"]
[Termination "MaestroCheck won by resignation"]

1. d4 d5 2. c4 c6 3. Nc3 Nf6 4.
Nf3 e6 5. Bf4 dxc4 6. e3 b5 7.
a4 Nd5 8. Nxd5 exd5 9. Qd2 a5 10. Qc2 Bb4+ 11. Nd2 O-O 12. Be2 Nd7 13. O-O Nb6 14. axb5 cxb5 15. b3 Qf6 16. Be5 Qf5 17. Qc1 Bd7 18. Bf3 f6 19. Bc7 Ra6 20. bxc4 Nxc4 21. Nb3 Rc8 22. Bg3 Nd2 23. Qb2 Nxf3+ 24. gxf3 Bc3 25.
Qa2 Bxa1 26. Nxa1 Qxf3 27. e4 Bh3 28. Qxd5+ Kh8 29. e5 Qxd5 0-1

[Event "Early-Titled-Tuesday-Blitz-February-20-2024"]
[Site "Chess.com"]
[Date "2024.02.20"]
[Round "8"]
[White "Chesstiger64"]
[Black "sewlins"]
[Result "1-0"]
[WhiteElo "2318"]
[BlackElo "2136"]
[TimeControl "180+1"]
[EndTime "9:29:35 PST"]
[Termination "Chesstiger64 won on time"]

1. d4 e6 2. e4 d5 3. Nd2 Be7 4. Ngf3 Nf6 5. e5 Nfd7 6. Bd3 c5 7. c3 Nc6 8. a3 a5 9. O-O Qb6 10. dxc5 Nxc5 11. Bc2 Bd7 12. Nb3 Nxb3 13. Bxb3 O-O 14. Be3 Qc7 15. Bf4 b5 16. Qd3 a4 17. Bc2 g6 18. h4 Na5 19. Rae1 Nc4 20. Bc1 Rac8 21. Qd4 Bc5 22. Qf4 f5 23. Qh6 Rf7 24. Ng5 Bf8 25.
Nxf7 Bxh6 26. Nxh6+ Kg7 27. h5 Rf8 28. f4 Kxh6 29. g4 Kg7 30. h6+ 1-0

[Event "Early-Titled-Tuesday-Blitz-February-20-2024"]
[Site "Chess.com"]
[Date "2024.02.20"]
[Round "8"]
[White "Attacker_2006"]
[Black "Shuvalov"]
[Result "0-1"]
[WhiteElo "2383"]
[BlackElo "2522"]
[TimeControl "180+1"]
[EndTime "9:29:36 PST"]
[Termination "Shuvalov won by resignation"]

1. e4 e6 2. Nf3 d5 3. exd5 exd5 4.
d4 Nf6 5. h3 c5 6. c3 Nc6 7. Be3 c4 8. Nbd2 Be7 9. Be2 O-O 10.
O-O Bf5 11. Nh4 Bg6 12. Nhf3 Re8 13. a4 Ne4 14. Nxe4 Bxe4 15. b3 cxb3 16. Qxb3 Na5 17. Qb5 Rc8 18. Rac1 Ba3 19. Ra1 Bd6 20. Rac1 a6 21. Qb2 Bb8 22. Nd2 Qd6 23. g3 Bf5 24. h4 Rxe3 0-1

[Event "Early-Titled-Tuesday-Blitz-February-20-2024"]
[Site "Chess.com"]
[Date "2024.02.20"]
[Round "8"]
[White "Alenzer"]
[Black "brm72"]
[Result "1-0"]
[WhiteElo "2171"]
[BlackElo "2575"]
[TimeControl "180+1"]
[EndTime "9:29:36 PST"]
[Termination "Alenzer won on time"]

1. e4 c5 2. Nf3 d6 3. c3 Nf6 4. h3 Nc6 5. Bd3 e5 6. Bc2 g6 7. O-O Bg7 8. Re1 O-O 9. d4 exd4 10.
cxd4 Re8 11. d5 Nb4 12. Nc3 Nxc2 13. Qxc2 a6 14. Bg5 b5 15. Rad1 b4 16. Ne2 Qa5 17.
b3 Nxe4 18. Bf4 h5 19. Ng3 Bf5 20. Nxe4 Rad8 21. Qc4 Bxe4 22. Rxe4 Rxe4 23. Qxe4 Qxa2 24. Qe7 Rc8 25. Ng5 Qxb3 26. Qxf7+ Kh8 27. Re1 Qc2 28. Re8+ Bf8 29. Rxf8+ 1-0

[Event "Early-Titled-Tuesday-Blitz-February-20-2024"]
[Site "Chess.com"]
[Date "2024.02.20"]
[Round "8"]
[White "jodarmarlon1985"]
[Black "UnTucopalaTimba"]
[Result "1-0"]
[WhiteElo "2180"]
[BlackElo "1991"]
[TimeControl "180+1"]
[EndTime "9:29:37 PST"]
[Termination "jodarmarlon1985 won by resignation"]

1. e4 c6 2. d4 d5 3. e5 Bf5 4. Nf3 e6 5. Be2 Ne7 6. O-O Nd7 7. c4 dxc4 8. Bxc4 Nc8 9. Nc3 Be7 10. Re1 O-O 11.
Ne4 Ndb6 12. Bb3 Nd5 13. Ng3 Bg6 14. Bxd5 Qxd5 15. h4 h5 16. Ng5 Bxg5 17. Bxg5 Nb6 18. Nxh5 Bxh5 19. Qxh5 Qxd4 20. Rad1 Qxb2 21. Rd3 Qc2 22.
Ree3 Nd5 23. Rg3 Qb1+ 24. Kh2 g6 25. Qh6 Rfe8 26. Bf6 1-0

[Event "Early-Titled-Tuesday-Blitz-February-20-2024"]
[Site "Chess.com"]
[Date "2024.02.20"]
[Round "8"]
[White "N_Mullodzhanov"]
[Black "Navyblue1"]
[Result "1-0"]
[WhiteElo "2478"]
[BlackElo "2166"]
[TimeControl "180+1"]
[EndTime "9:29:40 PST"]
[Termination "N_Mullodzhanov won on time"]

1. e4 c5 2. c3 Nf6 3. e5 Nd5 4. Nf3 d6 5. exd6 Qxd6 6. d4 cxd4 7. Nxd4 e6 8. Nd2 Be7 9. Nc4 Qd8 10. Be2 O-O 11.
O-O Nd7 12. Bf3 N7f6 13. Ne3 a6 14. Re1 Bc5 15. Nb3 Nxe3 16. Bxe3 Bxe3 17. Rxe3 Qc7 18.
Qc2 Bd7 19. Nd4 Rac8 20. Rd1 Rfd8 21. g3 Be8 22. Bg2 Nd5 23. Re2 b5 24. Red2 b4 25.
cxb4 Nxb4 26. Qb3 Nd5 27. Rc2 Qb8 28. Rxc8 Qxb3 29. Nxb3 Rxc8 30. Bxd5 exd5 31. Rxd5 g6 32. Rd6 Bb5 33. Nd4 Rc1+ 34. Kg2 Rb1 35. b3 Ra1 36. a4 Bf1+ 37. Kf3 1-0

[Event "Early-Titled-Tuesday-Blitz-February-20-2024"]
[Site "Chess.com"]
[Date "2024.02.20"]
[Round "8"]
[White "KanalSzachowy"]
[Black "Zavgorodniy_Sergiy"]
[Result "1/2-1/2"]
[WhiteElo "2450"]
[BlackElo "2613"]
[TimeControl "180+1"]
[EndTime "9:29:42 PST"]
[Termination "Game drawn by repetition"]

1. e4 c6 2. d4 d5 3. f3 dxe4 4.
fxe4 e5 5. Nf3 Bg4 6. Bc4 Nd7 7. c3 b5 8. Bd3 Ngf6 9. O-O Bd6 10. h3 Bh5 11. Qe1 O-O 12. Bg5 Qc7 13. Nbd2 Rae8 14. Bc2 Bg6 15. Nxe5 Nxe5 16. Bxf6 gxf6 17. dxe5 Bxe5 18.
Qh4 b4 19. cxb4 Qb6+ 20. Kh1 Qxb4 21. Nf3 Qxb2 22. Nxe5 fxe5 23. Ba4 Re6 24. Bb3 Rd6 25. Rab1 Qe2 26. Qe7 Rd2 27. Bxf7+ Rxf7 28. Rb8+ Kg7 29. Rxf7+ Bxf7 30. Qxe5+ Kg6 31. Qg3+ Kh6 32. Qf4+ Kg6 33. Qf5+ Kh6 34. Qf4+ Kg6 35. Qf5+ Kh6 36. Qf4+ 1/2-1/2

[Event "Early-Titled-Tuesday-Blitz-February-20-2024"]
[Site "Chess.com"]
[Date "2024.02.20"]
[Round "8"]
[White "masnyszachistaaa"]
[Black "LuisFSiles"]
[Result "0-1"]
[WhiteElo "2567"]
[BlackElo "2340"]
[TimeControl "180+1"]
[EndTime "9:29:44 PST"]
[Termination "LuisFSiles won on time"]

1. e4 c5 2. Nf3 Nc6 3. a3 Nf6 4. Nc3 d5 5. exd5 Nxd5 6. Bc4 e6 7. O-O Be7 8. d3 O-O 9. Re1 a6 10. Ne4 b5 11. Ba2 Bb7 12. Ng3 Nd4 13. Nxd4 cxd4 14. Bd2 Rc8 15. Rc1 Bg5 16. Ne4 Bxd2 17. Qxd2 Qh4 18.
Nd6 Nf4 19. Nxb7 Qg5 20. g3 Nh3+ 21. Kg2 Qxd2 22. Kxh3 Qxf2 23. Bb3 Rc7 24. Nd6 Rc5 25. Re4 Rh5+ 26. Rh4 Rxh4+ 27. Kxh4 Qxh2+ 28. Kg4 Qe2+ 29. Kh3 f5 30. Rg1 Qe5 0-1

[Event "Early-Titled-Tuesday-Blitz-February-20-2024"]
[Site "Chess.com"]
[Date "2024.02.20"]
[Round "8"]
[White "ProChessWICTH"]
[Black "Ati1517"]
[Result "0-1"]
[WhiteElo "2465"]
[BlackElo "2245"]
[TimeControl "180+1"]
[EndTime "9:29:44 PST"]
[Termination "Ati1517 won on time"]

1. e4 c5 2. Nf3 d6 3. c3 Nf6 4. h3 Nc6 5. Bd3 e6 6. O-O d5 7.
exd5 exd5 8. Re1+ Be7 9. Bc2 O-O 10. d4 Be6 11. dxc5 Bxc5 12. Nbd2 Qb6 13. Qe2 Rfe8 14.
Qf1 d4 15. Nb3 Bxb3 16. Bxb3 dxc3 17. bxc3 Rxe1 18. Nxe1 Ne4 19. Nd3 Rd8 20. Nxc5 Qxc5 21. Be3 Qxc3 22. Rc1 Qe5 23. Qc4 Nd6 24. Qh4 Re8 25.
Rc5 Qe7 26. Qg4 Qe4 27. Qg3 Nf5 28. Qc7 Nxe3 29. Qxf7+ Kh8 30. fxe3 Qxe3+ 31. Kh2 Qe7 32. Qd5 Qc7+ 33. Kg1 Qg3 34. Rc1 Qe3+ 35. Kh2 Qxc1 36. Qf7 Qe3 37. Bc2 Qe5+ 38. Kh1 Qe6 39. Qh5 h6 40.
Qf3 Qe1+ 41. Kh2 Qe5+ 42. Kh1 Nd4 43. Qd3 Nxc2 44. Qxc2 Qe1+ 45. Kh2 Qe5+ 46. Kh1 Rf8 0-1

[Event "Early-Titled-Tuesday-Blitz-February-20-2024"]
[Site "Chess.com"]
[Date "2024.02.20"]
[Round "8"]
[White "bazar-wokzal"]
[Black "Zq1"]
[Result "1-0"]
[WhiteElo "2689"]
[BlackElo "2517"]
[TimeControl "180+1"]
[EndTime "9:29:45 PST"]
[Termination "bazar-wokzal won by resignation"]

1. e4 c5 2. c3 d5 3. exd5 Nf6 4. Bb5+ Bd7 5. Bxd7+ Qxd7 6. c4 e6 7. Qe2 Be7 8. dxe6 fxe6 9. Nf3 Nc6 10. O-O O-O 11. Nc3 Nd4 12. Nxd4 cxd4 13. Ne4 d3 14. Nxf6+ Rxf6 15. Qe3 b6 16. b4 Bxb4 17. Bb2 Bc5 18. Qe4 Rff8 19. Rae1 Rae8 20. g3 Rf7 21. Kg2 Qb7 22. f4 g6 23. Rf3 Qxe4 24. Rxe4 Rd7 25. Bc3 h5 26. h3 Kf7 27. g4 hxg4 28. hxg4 a5 29. Rh3 Ke7 30. Kf3 Kd8 31. Rh6 Rf7 32. Rxg6 Kd7 33. g5 Rh7 34. Rh6 Rf7 35. g6 Rf5 36. g7 1-0

[Event "Early-Titled-Tuesday-Blitz-February-20-2024"]
[Site "Chess.com"]
[Date "2024.02.20"]
[Round "8"]
[White "Vaathi_Coming"]
[Black "tsaruk_maks"]
[Result "1-0"]
[WhiteElo "2910"]
[BlackElo "2745"]
[TimeControl "180+1"]
[EndTime "9:29:46 PST"]
[Termination "Vaathi_Coming won on time"]

1. b3 e5 2. Bb2 Nc6 3. c4 Nf6 4. Nf3 e4 5. Nd4 Nxd4 6. Bxd4 d5 7.
cxd5 Nxd5 8. Nc3 Bf5 9. g3 c5 10. Be3 Nxc3 11. dxc3 Qf6 12. Qc2 O-O-O 13. Bg2 Bd6 14. O-O g5 15. Bxe4 Bh3 16. Rfd1 h5 17. Rd5 Be5 18. Rxc5+ Kb8 19. Bxb7 Bf4 20. Bxf4+ gxf4 21. Rb5 a6 22. Rb4 fxg3 23. hxg3 Ka7 24. Bf3 Rb8 25.
Qe4 Rxb4 26. Qxb4 Rb8 27. Qc5+ 1-0

[Event "Early-Titled-Tuesday-Blitz-February-20-2024"]
[Site "Chess.com"]
[Date "2024.02.20"]
[Round "8"]
[White "Jojo_898"]
[Black "AlexTruskavetsky"]
[Result "1-0"]
[WhiteElo "2499"]
[BlackElo "2713"]
[TimeControl "180+1"]
[EndTime "9:29:46 PST"]
[Termination "Jojo_898 won by checkmate"]

1. e4 c5 2. Nf3 Nc6 3. c3 Nf6 4. Bd3 d5 5. e5 Nd7 6. Qe2 e6 7. Bc2 d4 8. d3 Qc7 9. Bf4 Be7 10. O-O O-O 11. Nbd2 b6 12. Rac1 dxc3 13. bxc3 Ba6 14. Qe3 Rfd8 15. Rfd1 Nf8 16. d4 Ng6 17. Bg3 cxd4 18.
cxd4 Rac8 19. h4 Nb4 20. Bxg6 Qxc1 21. Bxf7+ Kxf7 22. Rxc1 Rxc1+ 23. Kh2 Nd5 24. Qe4 g6 25. Bf4 Nc3 26. Qe3 Nd5 27. Qe4 Rc7 28. Bg5 Bc8 29. Bxe7 Nxe7 30. Ng5+ Kg8 31. h5 Nf5 32. Ndf3 h6 33. Nh3 g5 34. Qg4 Rg7 35. Nfxg5 hxg5 36. Nxg5 Rxd4 37. f4 Bb7 38. h6 Rg6 39. h7+ Kg7 40. Nxe6+ Kxh7 41. Qxf5 Rd2 42. Nf8+ Kg7 43. Qxg6+ Kxf8 44. Qf6+ Ke8 45. e6 Rxg2+ 46. Kh3 Re2 47. Qf7+ Kd8 48. Qd7# 1-0

[Event "Early-Titled-Tuesday-Blitz-February-20-2024"]
[Site "Chess.com"]
[Date "2024.02.20"]
[Round "8"]
[White "ClaudiaSof"]
[Black "DonMicheleCorleone"]
[Result "1-0"]
[WhiteElo "2339"]
[BlackElo "2514"]
[TimeControl "180+1"]
[EndTime "9:29:46 PST"]
[Termination "ClaudiaSof won by resignation"]

1. e4 e6 2. d4 d5 3. Nd2 dxe4 4. Nxe4 Nd7 5. Nf3 Ngf6 6. Bd3 Nxe4 7. Bxe4 Nf6 8. Bg5 c5 9. Qe2 cxd4 10. O-O-O Qa5 11.
Kb1 Bd7 12. Bxf6 gxf6 13. Nxd4 O-O-O 14. Qf3 Qb6 15. Qxf6 Rg8 16. Qxf7 Bg7 17. c3 Rdf8 18. Qe7 Rxf2 19. Nb3 Qc7 20. Rxd7 Rxb2+ 21. Kxb2 Qxc3+ 22. Ka3 Qb2+ 23. Kb4 Qc3+ 24. Kb5 Qe5+ 25. Bd5 a6+ 26. Kb6 Qe3+ 27. Qc5+ Qxc5+ 28. Nxc5 exd5 29. Rc7+ Kb8 30. Rxb7+ Ka8 31. Ra7+ Kb8 32. Nd7+ Kc8 33. Ra8+ 1-0

[Event "Early-Titled-Tuesday-Blitz-February-20-2024"]
[Site "Chess.com"]
[Date "2024.02.20"]
[Round "8"]
[White "Dubs123"]
[Black "Huragan007"]
[Result "0-1"]
[WhiteElo "2388"]
[BlackElo "2614"]
[TimeControl "180+1"]
[EndTime "9:29:48 PST"]
[Termination "Huragan007 won by resignation"]

1. d4 Nf6 2. c4 e5 3. dxe5 Ng4 4. e4 Nxe5 5. Nc3 Bc5 6. f4 Nec6 7. Nf3 d6 8. a3 a5 9. Bd3 O-O 10. Qe2 Bg4 11.
Be3 Na6 12. h3 Bxf3 13. Qxf3 Nd4 14. Qf2 Nb3 15. Rd1 Bxe3 16. Qxe3 Qh4+ 17. g3 Qf6 18. Rh2 Nac5 19. Nd5 Qd8 20. Bc2 a4 21. e5 dxe5 22. fxe5 Re8 23. Re2 Qc8 24. g4 Ra6 25. Qg5 h6 26.
Ne7+ Kf8 27. Ng6+ Rxg6 28. Qf4 Rge6 29. Kf1 Rd8 30. Rde1 Rd4 31. Bd3 Rxf4+ 0-1

[Event "Early-Titled-Tuesday-Blitz-February-20-2024"]
[Site "Chess.com"]
[Date "2024.02.20"]
[Round "8"]
[White "emeli_chess"]
[Black "NM_Antelacus"]
[Result "1/2-1/2"]
[WhiteElo "2412"]
[BlackElo "2257"]
[TimeControl "180+1"]
[EndTime "9:29:48 PST"]
[Termination "Game drawn by repetition"]

1. d4 Nf6 2. c4 e6 3. Nc3 Bb4 4. Qc2 O-O 5. e4 d5 6. e5 Ne4 7.
Bd3 c5 8. Nf3 Nc6 9. O-O Bxc3 10. bxc3 f5 11. exf6 Nxf6 12. Bg5 h6 13. Bh4 b6 14. cxd5 exd5 15. Bh7+ Kh8 16. Ne5 Nxe5 17. dxe5 g5 18. exf6 gxh4 19. Bf5 Qxf6 20. Bxc8 Raxc8 21. h3 d4 22. cxd4 cxd4 23. Qe4 Rcd8 24.
Rad1 b5 25. Rd3 Qf4 26. Qc6 b4 27. Qb7 a5 28. Qa7 Qe5 29. Qb6 Kg7 30. Rfd1 Rd6 31.
Qb7+ Rf7 32. Qa8 Qf5 33. Rf3 Qd5 34. Rxf7+ Kxf7 35. Qh8 d3 36. Qh7+ Kf8 37. Qh8+ Kf7 38. Qh7+ Kf8 39. Qh8+ Kf7 1/2-1/2

[Event "Early-Titled-Tuesday-Blitz-February-20-2024"]
[Site "Chess.com"]
[Date "2024.02.20"]
[Round "8"]
[White "IndianSchoolOfSuffering"]
[Black "IriBu"]
[Result "1-0"]
[WhiteElo "2448"]
[BlackElo "2576"]
[TimeControl "180+1"]
[EndTime "9:29:49 PST"]
[Termination "IndianSchoolOfSuffering won by checkmate"]

1. d4 Nf6 2. c4 g6 3. Nc3 Bg7 4.
e4 d6 5. Nf3 O-O 6. h3 e5 7. d5 a5 8. Be3 Na6 9. Be2 Nd7 10. h4 h5 11. Nd2 Nac5 12. Qc2 f5 13. f3 b6 14. Nb3 a4 15. Nxc5 Nxc5 16. Bd3 Bd7 17. O-O-O Qe7 18. Kb1 Rab8 19. Bxc5 bxc5 20. Nxa4 Bf6 21. exf5 Bxh4 22. fxg6 Rb4 23. Nc3 Kg7 24.
a3 Rb6 25. g3 Bxg3 26. Rxh5 Rh8 27. Rxh8 Kxh8 28. Rh1+ Kg8 29. Rh7 Qe8 30. Bf5 Bc8 31. Ne4 Bxf5 32. Nf6+ Kf8 33. Qxf5 Rxb2+ 34. Kxb2 Qb8+ 35. Ka2 e4 36. Rf7# 1-0

[Event "Early-Titled-Tuesday-Blitz-February-20-2024"]
[Site "Chess.com"]
[Date "2024.02.20"]
[Round "8"]
[White "FaustinoOro"]
[Black "Karttunen"]
[Result "1-0"]
[WhiteElo "2897"]
[BlackElo "2677"]
[TimeControl "180+1"]
[EndTime "9:29:52 PST"]
[Termination "FaustinoOro won by resignation"]

1. Nf3 Nf6 2. g3 d5 3. Bg2 c5 4. O-O Nc6 5. d4 cxd4 6. Nxd4 e5 7. Nxc6 bxc6 8. c4 Be6 9. Nc3 h6 10. cxd5 cxd5 11. Qa4+ Qd7 12. Qxd7+ Kxd7 13. Rd1 Bd6 14. Nxd5 Nxd5 15. Bxd5 Bxd5 16. Rxd5 Ke6 17. Rd1 Rhc8 18. Be3 Rc2 19. Rac1 Rac8 20. Rxc2 Rxc2 21. Rd2 Rc7 22.
f3 f5 23. Kf2 g5 24. f4 gxf4 25. gxf4 e4 26. Rd4 Rc2 27. Ra4 Rxb2 28. Rxa7 Kd5 29. Ra5+ Ke6 30. a4 Ra2 31. Ra6 Kd5 32. a5 h5 33. Ra8 h4 34. a6 Bc5 35. Rd8+ Bd6 36. a7 1-0